 Dungeon Crawl Stone Soup version 0.21-a0-504-g2eda330 (console) character file.

2468533 removed the Victor of a Thousand Battles (level 27, 183/258 HPs)
             Began as a Minotaur Assassin on Nov 12, 2017.
             Was the Champion of Okawaru.
             Escaped with the Orb
             ... and 4 runes on Nov 26, 2017!
             The game lasted 03:36:08 (72340 turns).

removed the Victor of a Thousand Battles (MiAs)    Turns: 72340, Time: 03:36:08

Health: 183/258    AC: 69    Str: 40    XL:     27
Magic:  35/35      EV: 36    Int: 20    God:    Okawaru [******]
Gold:   5927       SH:  0    Dex: 24    Spells: 26/26 levels left

rFire    + + +     SeeInvis .   a - +9 bardiche (elec)
rCold    + + .     Gourm    .   (shield currently unavailable)
rNeg     + + +     Faith    .   R - +18 crystal plate armour "Beom" {MR- Regen+ rCorr Str+2}
rPois    +         Spirit   +   O - +2 hat of the Bear Spirit {Spirit, +Rage rN+ MR++}
rElec    +         Reflect  .   b - +4 cloak "Sodghete" {Int+8}
rCorr    +         Harm     .   d - +1 pair of gloves "Cychyho" {rF+ Str+2}
MR       +++..                  B - +2 pair of boots of the Assassin {Detection Stab+ Stlth++}
Stlth    +++.......             j - amulet "Vumn" {Spirit rPois Str+2 Int+4}
HPRegen  0.93/turn              G - ring of Soradicefa {*Contam rF+ rN++ Slay+3 Stlth+}
MPRegen  0.24/turn              s - ring of Tulips {AC+5 Str+3 Slay+2 Stlth+}

@: mighty, agile, resistant, heroism, finesse
A: retaliatory headbutt, horns 2, agile 2, cold resistance 1, deterioration 1,
low mp 1, poison resistance, sturdy frame 1
0: Orb of Zot
}: 4/15 runes: barnacled, slimy, abyssal, gossamer
a: Heroism, Finesse, Renounce Religion, Evoke Berserk Rage


You escaped.
You worshipped Okawaru.
Okawaru was exalted by your worship.
You were very full.

You visited 12 branches of the dungeon, and saw 58 of its levels.
You visited the Abyss 3 times.
You visited 1 ziggurat, and saw 11 of its levels.
You also visited: Labyrinth, Trove, Bailey and Ice Cave.

You collected 11053 gold pieces.
You spent 5126 gold pieces at shops.

Inventory:

Hand Weapons
 a - a +9 bardiche of electrocution (weapon)
 g - a +4 blowgun
Missiles
 f - 2 curare-tipped needles
 Q - 7 throwing nets (quivered)
Armour
 b - the +4 cloak "Sodghete" (worn) {Int+8}
   (You bought it in a shop on level 5 of the Depths)

   It affects your intelligence (+8).
 d - the +1 pair of gloves "Cychyho" (worn) {rF+ Str+2}
   (You found it on level 3 of a ziggurat)

   It affects your strength (+2).
   It protects you from fire.
 y - a scarf of resistance
 B - the +2 pair of boots of the Assassin (worn) {Detection Stab+ Stlth++}
   (You found it on level 14 of the Dungeon)

   It makes you much more stealthy.
 O - the +2 hat of the Bear Spirit (worn) {Spirit, +Rage rN+ MR++}
   (You bought it in a shop on level 5 of the Depths)

   It protects you from negative energy.
   It affects your resistance to hostile enchantments.
   It lets you go berserk.
 R - the +18 crystal plate armour "Beom" (worn) {MR- Regen+ rCorr Str+2}
   (You acquired it on level 2 of the Lair of Beasts)

   It affects your strength (+2).
   It affects your resistance to hostile enchantments.
   It increases your rate of regeneration.
   It protects you from acid and corrosion.
Jewellery
 c - the ring of the Mage {Wiz MR++ Int+3}
   (You found it on level 10 of the Dungeon)

   [ring of wizardry]

   It improves your spell success rate.
   It affects your intelligence (+3).
   It affects your resistance to hostile enchantments.
 j - the amulet "Vumn" (around neck) {Spirit rPois Str+2 Int+4}
   (You found it in a bailey)

   [amulet of guardian spirit]

   It causes incoming damage to be split between your health and magic.
   It affects your strength (+2).
   It affects your intelligence (+4).
   It protects you from poison.
 l - the ring of the Dragon {rElec MR+ Str-3 Int+6 SInv}
   (You found it on level 6 of the Lair of Beasts)

   [ring of protection from magic]

   It affects your strength (-3).
   It affects your intelligence (+6).
   It insulates you from electricity.
   It affects your resistance to hostile enchantments.
   It lets you see invisible.
 s - the ring of Tulips (right hand) {AC+5 Str+3 Slay+2 Stlth+}
   (You bought it in a shop on level 2 of the Orcish Mines)

   [ring of protection]

   It affects your AC (+5).
   It affects your strength (+3).
   It affects your accuracy and damage with ranged weapons and melee attacks
   (+2).
   It makes you more stealthy.
 w - an uncursed ring of protection from cold
 G - the ring of Soradicefa (left hand) {*Contam rF+ rN++ Slay+3 Stlth+}
   (You took it off a merfolk siren on level 3 of the Shoals)

   [ring of protection from fire]

   It affects your accuracy and damage with ranged weapons and melee attacks
   (+3).
   It protects you from fire.
   It greatly protects you from negative energy.
   It causes magical contamination when unequipped.
   It makes you more stealthy.
 M - the ring of Qymeisha {rPois rF+ Str+2 Dex+4}
   (You found it on level 7 of a ziggurat)

   [ring of protection from fire]

   It affects your strength (+2).
   It affects your dexterity (+4).
   It protects you from fire.
   It protects you from poison.
Wands
 p - a wand of paralysis (10)
 z - a wand of clouds (4)
 H - a wand of iceblast (17)
 L - a wand of polymorph (9)
 U - a wand of digging (59)
 Y - a wand of acid (12)
Scrolls
 i - 10 scrolls of fog
 r - 28 scrolls of teleportation
 t - 7 scrolls of fear
 v - 10 scrolls of identify
 D - 14 scrolls of blinking
 F - 23 scrolls of remove curse
 K - 2 scrolls of magic mapping
 S - 2 scrolls of enchant weapon
 T - 3 scrolls of holy word
 X - 9 scrolls of enchant armour
Potions
 h - 4 potions of mutation
 k - 8 potions of might
 m - 8 potions of heal wounds
 o - 6 potions of magic
 q - 25 potions of curing
 u - 5 potions of flight
 x - 6 potions of haste
 E - 12 potions of agility
 I - 9 potions of cancellation
 J - 4 potions of brilliance
 V - 4 potions of resistance
Comestibles
 n - 27 meat rations
 A - 27 bread rations
 C - 27 fruits
 W - 27 royal jellies


   Skills:
 - Level 23.0(27) Fighting
   Level 2.1(7.1) Short Blades
 - Level 26.0(27) Polearms
 - Level 2.0(7.0) Throwing
 - Level 23.0(27) Armour
 - Level 22.0(27) Dodging
 - Level 22.0(27) Stealth
 + Level 26.2 Invocations
 - Level 10.0 Evocations


You had 26 spell levels left.
You didn't know any spells.

Dungeon Overview and Level Annotations

Branches:
Dungeon (15/15)            Temple (1/1) D:5            Lair (6/6) D:11
 Shoals (4/4) Lair:3       Spider (4/4) Lair:3        Slime (5/5) Lair:6
    Orc (2/2) D:11            Elf (3/3) Orc:2        Vaults (5/5) D:14
  Crypt (3/3) Vaults:2       Tomb (0/3) Crypt:3      Depths (5/5) D:15
    Zot (5/5) Depths:5

Altars:
Ashenzari
Cheibriados
Dithmenos
Elyvilon
Fedhas
Gozag
Hepliaklqana
Kikubaaqudgha
Makhleb
Nemelex Xobeh
Okawaru
Qazlal
Ru
Sif Muna
Trog
Uskayaw
Vehumet
Wu Jian
Xom
Yredelemnul
Zin
The Shining One
Beogh
Jiyva

Shops:
Orc:1 %   Orc:2 !(:[=   Elf:1 %}   Elf:2 *   Elf:3 (   Shoals:2 (   Depths:1 [
Depths:5 [

Portals:
Hell: Depths:1 Depths:2 Depths:3 Depths:4 Depths:5
Abyss: Depths:3 Depths:4
Pandemonium: Depths:3

Annotations:
Lair:3 exclusion: oklob plant
Elf:1 exclusion: Roxanne, Roxanne


Innate Abilities, Weirdness & Mutations

You reflexively headbutt those who attack you in melee.
You have a pair of horns on your head.
You are very agile. (Dex +4)
Your flesh is cold resistant. (rC+)
Your body sometimes deteriorates upon taking damage.
Your magical capacity is low. (-10% MP)
Your system is resistant to poisons. (rPois)
Your movements are slightly less encumbered by armour. (ER -2)


Message History

The angel is healed somewhat.
You chop the angel into pieces!!!
You kill the angel!
Okawaru accepts your kill.
Items here: )) [[ a whip of holy wrath; a robe; a scimitar of holy wrath; a large shield
There is an open door here.
There is an open door here.
There is an open door here.
There is a staircase leading out of the dungeon here.
You feel agile all of a sudden.
You feel protected.
You feel extremely strange.
You feel a little healthier.
Your urge to shout disappears.
You feel resistant to cold.
You feel less encumbered by your armour.
You feel agile.
Drop what? 48/52 slots (_ for help) (? for menu, Esc to quit)
Okay, then.
You have escaped!

#########.............## #...
......##....#########..## #...
...........##.......##..## #..#
..........##.#######.##..# #.#.
.........##.##.....##.##.# ###...
.........#.##.#####.##.#.###....(
.........#.#.##.≈.#'.#.#....[....
.........#.#.#.###.#.#.#.........
.........#.#.#.#@#.#.'≈#.........
.........#.#.#.'##.#≈#.#.........
.........#.#.##...##.#.#.##.##.##
.........#.##.#####.##.#.#..##...
.........##.##.....##.##.........
.........)##.#######..#........#.
...........##...(...##)........#.
......###...#########............
....### ###....†.................


There were no monsters in sight!

Vanquished Creatures
  the Royal Jelly (Slime:5)
  3 orbs of fire (Zot:5)
  Mara (Vaults:3)
  Mennas (Vaults:3)
  6 ancient liches
  A juggernaut (Depths:3)
  A greater mummy (Zig:6)
  Boris (twice) (Crypt:1 Crypt:2)
  Sojobo (Vaults:3)
  6 pandemonium lords
  Frederick (Vaults:3)
  Saint Roka (Depths:4)
  3 curse toes
  A Killer Klown (Zot:5)
  A caustic shrike (Depths:1)
  Jory (Depths:4)
  16 golden dragons
  2 profane servitors
  Arachne (Spider:3)
  2 bone dragons (Zig:11)
  A hellephant (Abyss:3)
  An electric golem (Zot:5)
  11 liches
  A Hell Sentinel (Zot:3)
  31 tentacled monstrosities
  25 Orb Guardians
  An Ice Fiend (IceCv)
  7 titans
  Asterion (Vaults:3)
  6 deep elf master archers
  3 deep elf blademasters
  10 death cobs
  9 quicksilver dragons
  The ghost of 4thArraOfDagon the Executioner, an adept DDCj of Makhleb (Elf:3)
  An eldritch tentacle (Depths:3)
  7 ancient champions
  Gastronok (Lair:1)
  19 acid blobs
  A tentacled starspawn (Abyss:3)
  Frances (D:12)
  3 thorn hunters
  10 shadow dragons
  3 sphinxes
  11 draconian monks
  6 revenants
  Donald (Spider:1)
  16 storm dragons
  A daeva (D:1)
  11 tengu reavers
  14 frost giants
  Ilsuiw (Shoals:4)
  11 azure jellies
  4 draconian knights
  Aizul (Spider:1)
  21 vault wardens
  13 fire giants
  An iron dragon (Vaults:5)
  7 deep elf sorcerers
  A caustic shrike zombie (Crypt:2)
  3 cacodemons (D:3)
  2 deep elf elementalists
  8 draconian stormcallers
  6 ghost moths
  9 draconian scorchers
  2 orc warlords
  7 emperor scorpions
  Louise (D:14)
  8 draconian shifters
  An angel (D:1)
  5 reapers
  21 stone giants
  2 spriggan defenders (Depths:2)
  5 draconian annihilators
  The ghost of Celandrion the Fighter, a journeyman DsFi of Yredelemnul (Orc:1)
  3 war gargoyles
  6 curse skulls
  2 caustic shrike skeletons (Depths:2)
  5 ghouls
  12 ironheart preservers
  2 entropy weavers
  9 green draconians
  24 very ugly things
  2 blood saints (Zig:4)
  13 vampire knights
  A corrupter (D:10)
  8 deep elf demonologists
  4 dire elephants (Abyss:3)
  Nessos (Orc:2)
  11 deep elf annihilators
  2 bennus (Zig:6)
  13 yellow draconians
  A dire elephant (shapeshifter) (Depths:2)
  The ghost of darxusza the Cleaver, a journeyman DDMo of Okawaru (Orc:2)
  A black sun (D:8)
  11 red draconians
  8 white draconians
  3 black draconians
  13 purple draconians
  6 deep elf death magi
  A spark wasp (shapeshifter) (Depths:3)
  An ettin (shapeshifter) (Depths:2)
  14 spark wasps
  Snorg (Lair:4)
  13 jiangshi
  14 ettins
  5 eidola
  10 death oozes
  10 merfolk javelineers
  11 merfolk impalers
  8 fire dragons
  11 deep elf high priests
  Josephine (D:11)
  3 mummy priests
  A minotaur (Lab)
  7 ogre magi
  12 great orbs of eyes
  19 yaktaur captains
  Fannar (D:12)
  10 rakshasas
  4 monstrous demonspawn
  9 spriggan air magi
  12 ice dragons
  43 vault guards
  2 ghost crabs
  3 alligator snapping turtles
  10 hydras
  4 merfolk avatars
  A hell beast (Depths:4)
  17 centaur warriors
  A catoblepas (D:13)
  8 merfolk aquamancers
  7 alligators
  13 two-headed ogres
  8 death knights
  3 satyrs
  23 dancing weapons
  8 death scarabs (Spider:4)
  11 small abominations
  6 tengu warriors
  5 death yaks (Lair:6)
  8 deep troll shamans
  4 hell hogs (D:6)
  3 naga sharpshooters (Zig:10)
  6 deep troll earth magi
  A titan zombie (Crypt:2)
  7 spriggan berserkers
  3 soul eaters
  12 vampire magi
  4 orc high priests (Orc:2)
  19 deep elf knights
  A storm dragon zombie (Crypt:3)
  4 hell knights
  4 sun demons
  A titan skeleton (Crypt:2)
  A spriggan (Depths:2)
  3 shadow wraiths
  5 sixfirhies
  A fire crab (shapeshifter) (Vaults:5)
  A spectral emperor scorpion (Spider:4)
  8 flayed ghosts
  A spatial maelstrom (Abyss:3)
  2 sea snakes (shapeshifter) (Depths:2)
  2 iron trolls (Depths:5)
  32 skeletal warriors
  A salamander mystic (Depths:4)
  3 unseen horrors
  23 deep trolls
  8 large abominations
  4 wizards
  13 sea snakes
  A torturous demonspawn (Zot:2)
  4 glowing orange brains
  A storm dragon skeleton (Crypt:1)
  2 infernal demonspawn (D:6)
  5 death drakes (Zig:7)
  17 deep elf archers
  7 swamp dragons
  16 ironbrand convokers
  A shadow demon (D:10)
  16 orc knights
  13 orb spiders
  4 spectral wolf spiders (Spider:4)
  18 phantasmal warriors
  4 harpies
  6 oklob plants (Zig:8)
  11 necromancers
  69 deep elf magi
  2 shadow dragon skeletons (Crypt:3)
  2 stone giant zombies
  21 wolf spiders
  7 manticores
  9 orc sorcerers
  A frost giant zombie (Crypt:2)
  8 fauns
  2 fire giant zombies (D:15)
  3 salamanders (Depths:4)
  A shining eye (Slime:5)
  11 cyclopes
  A worldbinder (Abyss:3)
  20 elephants
  An orb spider (shapeshifter) (Elf:2)
  27 moths of wrath
  31 ugly things
  2 moths of wrath (shapeshifter)
  7 water nymphs
  11 merfolk sirens
  16 vault sentinels
  A water nymph (shapeshifter) (Vaults:5)
  A torpor snail (Lair:6)
  An ice statue (IceCv)
  A frost giant skeleton (Crypt:3)
  3 gargoyles
  2 black mambas
  4 eyes of devastation
  3 orange demons
  A kobold demonologist (D:15)
  A spiny frog (shapeshifter) (Depths:3)
  2 hellions
  19 spiny frogs
  3 rime drakes
  A komodo dragon (shapeshifter) (D:14)
  3 efreet
  5 spectral swamp worms (Depths:1)
  9 freezing wraiths
  A purple draconian zombie (Crypt:2)
  11 demonic crawlers
  A hellwing (Zot:5)
  7 anaconda simulacra
  A dire elephant skeleton (Crypt:3)
  7 komodo dragons
  2 spectral redbacks (Spider:4)
  50 yaktaurs
  A grey draconian zombie (Crypt:3)
  An entropy weaver simulacrum (Vaults:2)
  A yaktaur (shapeshifter) (Depths:2)
  A tormentor (D:6)
  3 redback zombies
  4 human skeletons
  A tengu conjurer (D:15)
  An ancient zyme (Abyss:3)
  A death yak skeleton (Crypt:3)
  10 ice devils
  A golden dragon simulacrum (IceCv)
  A hydra zombie (Crypt:3)
  9 guardian mummies
  34 merfolk
  7 wind drakes
  A meliai (shapeshifter) (Depths:1)
  32 jumping spiders
  6 meliai
  A queen bee (shapeshifter) (Vaults:3)
  2 trolls
  A shadow dragon simulacrum (Crypt:2)
  3 spectral tarantellas (Spider:4)
  Grinder (D:3)
  6 tyrant leeches
  4 polar bears
  A merfolk (shapeshifter) (Elf:1)
  A hydra skeleton (Crypt:2)
  A queen bee (Lair:5)
  17 hornets
  5 spectral jumping spiders (Spider:4)
  2 hornets (shapeshifter)
  2 tarantella zombies
  7 bog bodies
  14 dream sheep
  A guardian serpent zombie (Crypt:2)
  2 frost giant simulacra
  3 raiju (Abyss:3)
  A hippogriff (shapeshifter) (Vaults:5)
  109 slime creatures
  3 jumping spider zombies (Spider:4)
  An ice dragon zombie (Crypt:2)
  28 blink frogs
  3 ettin zombies
  9 snapping turtles
  An alligator skeleton (Crypt:2)
  A fire dragon skeleton (Depths:1)
  16 hippogriffs
  2 flying skulls (Zig:6)
  A shadow (Zig:9)
  A spriggan skeleton (D:15)
  43 redbacks
  15 air elementals
  A spriggan (shapeshifter) (Depths:1)
  2 ettin skeletons
  13 wraiths
  3 dire elephant simulacra (IceCv)
  19 water elementals
  A tarantella (shapeshifter) (Vaults:5)
  A tyrant leech zombie (Crypt:1)
  32 tarantellas
  3 hogs (D:10)
  8 vampires
  4 fire elementals
  A human (D:10)
  8 wyverns
  2 yaks (shapeshifter)
  29 yaks
  A golden eye (Slime:5)
  A basilisk (shapeshifter) (Vaults:4)
  6 hungry ghosts
  A golden eye (shapeshifter) (Depths:2)
  A death yak simulacrum (IceCv)
  4 chaos spawn
  A red draconian simulacrum (Crypt:3)
  2 basilisks
  11 vampire mosquitoes
  5 harpy simulacra (IceCv)
  6 spatial vortices (Abyss:3)
  2 iron troll simulacra (IceCv)
  6 wargs
  3 human simulacra
  5 swamp worms (Depths:4)
  5 acid dragons
  3 soldier ants
  An infernal demonspawn zombie (Crypt:1)
  11 water moccasins
  2 hydra simulacra (IceCv)
  5 floating eyes
  6 ice beasts
  2 spectral hornets (Spider:4)
  3 swamp drakes
  3 porcupines
  5 sky beasts
  A black bear (D:8)
  An ettin simulacrum (Vaults:1)
  A hornet zombie (Spider:4)
  A snapping turtle zombie (Crypt:2)
  42 orc warriors
  A blink frog zombie (Crypt:2)
  An orc zombie (Vaults:1)
  A torturous demonspawn skeleton (Crypt:3)
  3 necrophages (Crypt:3)
  7 eyes of draining
  23 ogres
  An eye of draining (shapeshifter) (Depths:4)
  13 wolves
  6 boggarts
  33 centaurs
  A phantom (D:4)
  9 crocodiles
  A manticore skeleton (Crypt:1)
  A crocodile (shapeshifter) (Depths:2)
  6 big kobolds
  Blork the orc (D:6)
  An elf zombie (Crypt:2)
  5 human zombies
  26 bullfrogs
  7 earth elementals
  3 wyvern zombies
  2 scorpions
  2 water moccasin skeletons
  An elephant simulacrum (IceCv)
  20 killer bees (Lair:5)
  22 wights
  2 howler monkeys
  4 electric eels
  A polar bear skeleton (Crypt:1)
  12 crimson imps
  3 draconian simulacra (IceCv)
  3 bullfrog zombies
  A quasit (D:9)
  A wolf skeleton (Crypt:3)
  3 centaur skeletons
  20 orc priests
  A centaur zombie (Crypt:1)
  9 hounds
  A jelly (shapeshifter) (Depths:2)
  4 jellies
  2 bullfrog skeletons
  3 iron imps (Depths:3)
  20 orc wizards
  An iguana (D:7)
  A porcupine skeleton (Crypt:2)
  15 worker ants
  3 troll simulacra (IceCv)
  A wolf simulacrum (IceCv)
  A centaur simulacrum (IceCv)
  An ogre skeleton (Crypt:2)
  A hound zombie (D:8)
  A hound skeleton (D:6)
  3 mummies (Zig:6)
  12 adders
  8 gnolls
  3 howler monkey skeletons
  2 ogre simulacra (IceCv)
  9 shadow imps
  11 white imps
  7 ufetubi (IceCv)
  An ooze (D:6)
  An adder skeleton (D:6)
  3 worms (D:2)
  A dart slug (D:5)
  5 leopard geckos
  88 orcs
  2 ball pythons
  A bat zombie (Crypt:1)
  5 giant cockroaches
  6 hobgoblins
  20 jackals
  31 kobolds
  6 quokkas
  A ball python skeleton (Crypt:1)
  7 bats
  5 frilled lizards
  A frilled lizard zombie (Crypt:3)
  A giant cockroach zombie (D:6)
  9 goblins
  A goblin zombie (Crypt:3)
  A leopard gecko skeleton (D:5)
  A quokka zombie (Crypt:2)
  10 rats
  A briar patch (Depths:4)
  A plant (Zig:8)
  5 starspawn tentacles (Abyss:3)
  A withered plant (D:15)
2902 creatures vanquished.

Vanquished Creatures (others)
  An ancient champion (Crypt:3)
  A spatial maelstrom (Abyss:3)
  A deep troll (Vaults:1)
  A harpy (Shoals:2)
  A deep elf mage (Elf:1)
  A moth of wrath (Zot:5)
  A black mamba (shapeshifter) (Vaults:2)
  A yaktaur (Depths:4)
  A red devil (Zot:5)
  A ynoxinul (Zot:5)
  A chaos spawn (Zot:5)
  An orc warrior (Vaults:1)
  An orc wizard (Orc:2)
  A ball lightning (Depths:2)
  2 orcs
  7 briar patches
  16 fungi
  54 plants
93 creatures vanquished.

Grand Total: 2995 creatures vanquished

Notes
Turn   | Place    | Note
-------+----------+-------------------------------------------
     0 | D:1      | removed the Minotaur Assassin began the quest for the Orb.
     0 | D:1      | Reached XP level 1. HP: 18/18 MP: 0/0
   426 | D:1      | Reached XP level 2. HP: 25/26 MP: 1/1
   838 | D:2      | Found an ancient bone altar of Kikubaaqudgha.
   947 | D:2      | Found a blossoming altar of Fedhas.
   975 | D:2      | Reached XP level 3. HP: 29/33 MP: 2/2
  1543 | D:3      | Reached XP level 4. HP: 40/40 MP: 3/3
  1561 | D:3      | Found a shattered altar of Ashenzari.
  2304 | D:3      | Reached skill level 1 in Armour
  2351 | D:3      | Reached XP level 5. HP: 38/46 MP: 4/4
  2507 | D:3      | Noticed Grinder
  2512 | D:3      | Paralysed by Grinder for 4 turns
  2518 | D:3      | Paralysed by Grinder for 5 turns
  2527 | D:3      | Paralysed by Grinder for 2 turns
  2530 | D:3      | Killed Grinder
  2530 | D:3      | Reached XP level 6. HP: 52/52 MP: 5/5
  2748 | D:4      | Reached skill level 5 in Polearms
  2999 | D:4      | Found a stormy altar of Qazlal.
  3129 | D:4      | Reached XP level 7. HP: 58/59 MP: 6/6
  3370 | D:4      | Found a glowing golden altar of the Shining One.
  3403 | D:4      | Got a crystal trident
  3404 | D:4      | Identified the +4 trident "Kaqirr" {pierce, *Drain Str+2 Dex+5 SInv} (You found it on level 4 of the Dungeon)
  3690 | D:5      | Entered Level 5 of the Dungeon
  3811 | D:5      | Found a shadowy altar of Dithmenos.
  4294 | D:5      | Reached XP level 8. HP: 54/66 MP: 7/7
  4640 | D:5      | Found a staircase to the Ecumenical Temple.
  4665 | D:4      | Reached skill level 10 in Polearms
  4945 | Temple   | Entered the Ecumenical Temple
  5341 | D:5      | Found a hazy altar of Hepliaklqana.
  5507 | D:6      | Found an iron altar of Okawaru.
  5523 | D:6      | Became a worshipper of Warmaster Okawaru
  5547 | D:6      | Reached skill level 5 in Fighting
  6050 | D:6      | Reached skill level 5 in Armour
  6119 | D:6      | Found a sparkling altar of Nemelex Xobeh.
  6195 | D:6      | Noticed Blork the orc
  6201 | D:6      | Killed Blork the orc
  6361 | D:6      | Reached XP level 9. HP: 74/75 MP: 8/8
  6380 | D:6      | Found a burning altar of Makhleb.
  6382 | D:6      | Found a hide-covered altar of Uskayaw.
  6388 | D:6      | Found a bloodstained altar of Trog.
  6389 | D:6      | Found an opulent altar of Gozag.
  6509 | D:7      | Reached * piety under Okawaru
  6567 | D:7      | Got a twisted robe
  6631 | D:7      | Reached skill level 1 in Invocations
  6756 | D:7      | Got a twisted dagger
  7061 | D:7      | Reached ** piety under Okawaru
  7139 | D:7      | Found an ornate altar of the Wu Jian Council.
  7146 | D:7      | Noticed a two-headed ogre
  7157 | D:7      | Killed a two-headed ogre
  7157 | D:7      | Reached skill level 5 in Invocations
  7600 | D:8      | Reached XP level 10. HP: 71/83 MP: 13/13
  8700 | D:9      | Reached *** piety under Okawaru
  8901 | D:9      | Found a hide-covered altar of Uskayaw.
  9121 | D:10     | Entered Level 10 of the Dungeon
  9139 | D:10     | Got a spiked chain mail
  9158 | D:9      | Identified the +1 chain mail "Ylasu" {-Tele rF+ rCorr} (You found it on level 10 of the Dungeon)
  9178 | D:9      | Identified the +1 robe of the Guardian {-Tele Str+5 Slay+4} (You found it on level 7 of the Dungeon)
  9225 | D:10     | Noticed a skeletal warrior
  9225 | D:10     | Noticed a deep elf mage
  9264 | D:9      | Killed a skeletal warrior
  9632 | D:10     | Killed a deep elf mage
  9632 | D:10     | Reached **** piety under Okawaru
  9681 | D:10     | Found the ring of the Mage {Wiz MR++ Int+3}
  9687 | D:10     | Got an ancient scythe
  9700 | D:10     | Identified the +7 scythe "Nekuthel" {slice, rC++ MR+ Int+6} (You found it on level 10 of the Dungeon)
  9776 | D:10     | Noticed a two-headed ogre
  9805 | D:10     | Killed a two-headed ogre
  9805 | D:10     | Reached XP level 11. HP: 97/97 MP: 11/14
  9816 | D:10     | Noticed a two-headed ogre
  9823 | D:10     | Killed a two-headed ogre
 10073 | D:10     | Reached ***** piety under Okawaru
 10134 | D:10     | Found an ornate altar of the Wu Jian Council.
 10382 | D:10     | Noticed a brown ugly thing
 10391 | D:10     | Killed a brown ugly thing
 10391 | D:10     | Received a gift from Okawaru
 10394 | D:10     | Got a scorched quarterstaff {god gift}
 10395 | D:10     | Identified the +6 quarterstaff of the Common Good {venom, *Slow +Fly rElec Int-4} (Okawaru gifted it to you on level 10 of the Dungeon)
 10831 | D:10     | Reached skill level 10 in Armour
 11025 | D:11     | Killed an unseen horror
 11049 | D:11     | Reached skill level 10 in Fighting
 11169 | D:11     | Found a staircase to the Lair.
 11213 | D:11     | Noticed Josephine
 11416 | D:11     | Killed Josephine
 11776 | D:11     | Reached XP level 12. HP: 90/110 MP: 15/15
 11949 | D:11     | Found a staircase to the Orcish Mines.
 12024 | D:11     | Noticed a two-headed ogre
 12033 | D:11     | Killed a two-headed ogre
 12172 | Lair:1   | Entered Level 1 of the Lair of Beasts
 12212 | Lair:1   | Noticed a six-headed hydra
 12238 | Lair:1   | Killed a six-headed hydra
 12238 | Lair:1   | Received a gift from Okawaru
 12387 | Lair:1   | Noticed Gastronok
 12400 | Lair:1   | Killed Gastronok
 12400 | Lair:1   | Received a gift from Okawaru
 13478 | Lair:2   | Noticed a four-headed hydra
 13489 | Lair:2   | Killed a four-headed hydra
 13519 | Lair:2   | Reached ****** piety under Okawaru
 13793 | Lair:3   | Found a staircase to the Shoals.
 13957 | Lair:3   | Found a hole to the Spider Nest.
 13979 | Lair:3   | Received a gift from Okawaru
 14682 | Lair:3   | You fall through a shaft!
 14693 | Lair:4   | Received a gift from Okawaru
 15287 | Lair:4   | Reached XP level 13. HP: 122/122 MP: 18/18
 15548 | Lair:4   | Noticed Snorg
 15561 | Lair:4   | Killed Snorg
 15561 | Lair:4   | Reached skill level 10 in Invocations
 16828 | Lair:5   | Reached skill level 15 in Polearms
 17596 | Lair:6   | Entered Level 6 of the Lair of Beasts
 17860 | Lair:6   | Received a gift from Okawaru
 18108 | Lair:6   | Identified a scroll of acquirement
 18496 | Lair:6   | Reached XP level 14. HP: 129/129 MP: 20/20
 18670 | Lair:6   | Received a gift from Okawaru
 18673 | Lair:6   | Got a translucent chain mail {god gift}
 18744 | Lair:6   | Identified the +0 chain mail of Dogma {+Fly rC- Str+8 SInv} (Okawaru gifted it to you on level 6 of the Lair of Beasts)
 18799 | Lair:6   | Found a viscous altar of Jiyva.
 18799 | Lair:6   | Found a staircase to the Slime Pits.
 19208 | Lair:6   | Got a flickering gossamer ring
 19210 | Lair:6   | Identified the ring of the Dragon {rElec MR+ Str-3 Int+6 SInv} (You found it on level 6 of the Lair of Beasts)
 19491 | Orc:1    | Entered Level 1 of the Orcish Mines
 19491 | Orc:1    | Noticed an orc warlord
 19503 | D:11     | Killed an orc warlord
 19664 | Orc:2    | Entered Level 2 of the Orcish Mines
 19696 | Orc:2    | Noticed darxusza's ghost (journeyman DDMo)
 20167 | Orc:2    | Found a staircase to the Elven Halls.
 20215 | Orc:1    | Found Yvvaruj's Food Shop.
 20640 | Orc:1    | Noticed Celandrion's ghost (journeyman DsFi)
 20662 | Orc:1    | Killed Celandrion's ghost
 20686 | Orc:1    | Found a roughly hewn altar of Beogh.
 20859 | Orc:2    | Killed darxusza's ghost
 21339 | Orc:2    | Noticed Nessos
 21360 | Orc:2    | Killed Nessos
 21633 | Orc:2    | Noticed an orc warlord
 21668 | Orc:2    | Killed an orc warlord
 21668 | Orc:2    | Received a gift from Okawaru
 21959 | Orc:2    | Found a roughly hewn altar of Beogh.
 22163 | Orc:2    | Found Viucutep's Distillery.
 22396 | Orc:2    | Found Pitawae's Antique Weapon Shoppe.
 22396 | Orc:2    | Found Roemoss's Book Boutique.
 22405 | Orc:2    | Found Toxt's Armour Shoppe.
 22405 | Orc:2    | Found Rotroke's Jewellery Boutique.
 22512 | Orc:2    | Bought the ring of Tulips {AC+5 Str+3 Slay+2 Stlth+} for 1272 gold pieces
 22610 | Orc:2    | Bought a potion of experience for 750 gold pieces
 22752 | D:12     | Noticed Frances
 22782 | D:12     | Killed Frances
 22782 | D:12     | Reached XP level 15. HP: 138/138 MP: 19/21
 22791 | D:12     | Reached XP level 16. HP: 146/146 MP: 22/22
 22865 | D:12     | Noticed Fannar
 22875 | D:12     | Killed Fannar
 23462 | D:13     | Found a labyrinth entrance.
 23471 | Lab      | Entered a labyrinth
 23838 | Lab      | Got a polished halberd
 23838 | Lab      | Got a shimmering robe
 23840 | Lab      | Identified the +6 halberd of Instant Death {chop, *Contam +Rage rC+ Str+4} (You found it in a labyrinth)
 23846 | Lab      | Got an iridescent hand crossbow
 23849 | Lab      | Got a steaming plate armour
 23888 | D:13     | Found a flagged portal.
 23896 | Bailey   | Entered a bailey
 24176 | Bailey   | Received a gift from Okawaru
 24176 | Bailey   | Reached skill level 15 in Fighting
 24203 | Bailey   | Identified the +4 plate armour "Didobuq" {Int+5} (You found it in a labyrinth)
 24215 | Bailey   | Got a crude lead amulet
 24216 | Bailey   | Identified the amulet "Vumn" {Spirit rPois Str+2 Int+4} (You found it in a bailey)
 24231 | Bailey   | Identified the cursed +0 robe of the Unseen Realm {rC+} (You found it in a labyrinth)
 24392 | D:13     | Got a smoking long sword
 24402 | D:13     | Reached skill level 15 in Armour
 24586 | D:13     | You fall through a shaft for 2 floors!
 24586 | D:15     | Entered Level 15 of the Dungeon
 24586 | D:15     | Found a staircase to the Depths.
 25551 | D:14     | Noticed Louise
 25591 | D:14     | Killed Louise
 25640 | D:14     | Found a gate to the Vaults.
 25649 | D:14     | Received a gift from Okawaru
 25775 | D:14     | Found a portal to a secret trove of treasure.
 25939 | D:14     | Received a gift from Okawaru
 26067 | D:14     | Found a transporter.
 26100 | D:14     | Found a viscous altar of Jiyva.
 26806 | D:14     | Found a transporter.
 26833 | D:14     | Found the +2 pair of boots of the Assassin {Detection Stab+ Stlth++}
 26836 | D:14     | Got a pitted hand axe
 26853 | D:14     | Got a brightly glowing falchion
 27331 | D:15     | Reached skill level 5 in Stealth
 27413 | D:15     | Received a gift from Okawaru
 27441 | D:15     | Got a faintly glowing demon trident {god gift}
 27839 | D:15     | Reached XP level 17. HP: 133/158 MP: 16/24
 28199 | D:15     | Identified the +9 demon trident of Honour {flame, SInv} (Okawaru gifted it to you on level 15 of the Dungeon)
 28453 | Elf:1    | Entered Level 1 of the Elven Halls
 28628 | Elf:1    | Received a gift from Okawaru
 28882 | Elf:1    | Identified Igexkiew's Disquisition on Attacks
 28910 | Elf:1    | Noticed Roxanne
 29251 | Elf:1    | Found Xumibbuumu's Gadget Emporium.
 29251 | Elf:1    | Found Veorr's Food Shoppe.
 29474 | Elf:1    | Reached skill level 10 in Stealth
 29924 | Elf:2    | Found a frozen archway.
 29936 | IceCv    | Entered an ice cave
 30506 | IceCv    | Received a gift from Okawaru
 30556 | IceCv    | Noticed an Ice Fiend
 30582 | IceCv    | Killed an Ice Fiend
 30651 | IceCv    | Got a pair of jewelled boots
 30662 | IceCv    | Identified the cursed +0 pair of boots of Death's Door {Int+3} (You found it in an ice cave)
 30664 | IceCv    | Got a polished hand axe
 31072 | Elf:2    | Reached skill level 1 in Evocations
 31112 | Elf:2    | Found a runed gate.
 31117 | Elf:2    | Found a runed gate.
 31117 | Elf:2    | Found a runed gate.
 31427 | Elf:2    | Found Piosar's General Store.
 31704 | Elf:2    | Reached skill level 5 in Evocations
 32056 | Elf:2    | Reached XP level 18. HP: 145/166 MP: 18/25
 32288 | Elf:2    | Received a gift from Okawaru
 32301 | Elf:2    | Got a dazzling hat {god gift}
 32415 | Elf:2    | Identified the +0 hat of Asunoomo {rPois} (Okawaru gifted it to you on level 2 of the Elven Halls)
 32706 | Spider:1 | Entered Level 1 of the Spider Nest
 33144 | Spider:1 | Noticed Donald
 33155 | Spider:1 | Killed Donald
 33168 | Spider:1 | Noticed Aizul
 33189 | Spider:1 | Killed Aizul
 33339 | Spider:1 | Found the +8 orange crystal plate armour {Archmagi, Int+3 Clar}
 33758 | Spider:2 | Reached skill level 10 in Evocations
 34245 | Spider:3 | Noticed Arachne
 34260 | Spider:3 | Killed Arachne
 34530 | Spider:3 | Received a gift from Okawaru
 35442 | Spider:4 | Entered Level 4 of the Spider Nest
 36229 | Spider:4 | Reached XP level 19. HP: 136/177 MP: 19/26
 36651 | Spider:4 | Got a gossamer rune of Zot
 36989 | Shoals:1 | Entered Level 1 of the Shoals
 37125 | Shoals:1 | Received a gift from Okawaru
 37328 | Shoals:1 | Upgraded the game from 0.21-a0-442-g848f44b to 0.21-a0-450-gd87a9b2
 38346 | Shoals:2 | Found Josecozi's Antique Weapon Shop.
 38387 | Shoals:2 | Reached skill level 15 in Stealth
 39009 | Shoals:3 | Got a warped glass ring
 39011 | Shoals:3 | Identified the ring of Soradicefa {*Contam rF+ rN++ Slay+3 Stlth+} (You took it off a merfolk siren on level 3 of the Shoals)
 39246 | Shoals:4 | Entered Level 4 of the Shoals
 39273 | Shoals:4 | Noticed Ilsuiw
 39568 | Shoals:4 | Received a gift from Okawaru
 39730 | Shoals:4 | Killed Ilsuiw
 39938 | Shoals:4 | Cast into level 3 of the Abyss (merfolk javelineer)
 39940 | Abyss:3  | Found a corrupted altar of Lugonu.
 40059 | Abyss:3  | Noticed a hellephant
 40105 | Abyss:3  | Killed a hellephant
 40105 | Abyss:3  | Reached XP level 20. HP: 156/188 MP: 12/27
 40134 | Abyss:3  | Found a corrupted altar of Lugonu.
 40166 | Abyss:3  | Got an abyssal rune of Zot
 40193 | Shoals:4 | Escaped the Abyss
 40519 | Shoals:4 | Got a barnacled rune of Zot
 40937 | Vaults:1 | Entered Level 1 of the Vaults
 41063 | Vaults:1 | Received a gift from Okawaru
 41907 | Vaults:1 | Identified the Guide on Hexes
 42372 | Vaults:2 | Received a gift from Okawaru
 42948 | Vaults:2 | Received a gift from Okawaru
 43178 | Vaults:2 | Got a translucent mace
 43479 | Vaults:2 | Found a staircase to the Crypt.
 43624 | Vaults:3 | Noticed Mara
 43635 | Vaults:3 | Noticed removed's illusion
 43725 | Vaults:3 | Noticed removed's illusion
 43757 | Vaults:3 | Killed Mara
 43757 | Vaults:3 | Reached XP level 21. HP: 178/202 MP: 19/28
 43945 | Vaults:3 | Noticed a golden dragon
 43954 | Vaults:3 | Killed a golden dragon
 43978 | Vaults:3 | Noticed Mennas
 44020 | Vaults:3 | Killed Mennas
 44207 | Vaults:3 | Noticed Asterion
 44219 | Vaults:3 | Killed Asterion
 44226 | Vaults:3 | Noticed Frederick
 44238 | Vaults:3 | Killed Frederick
 44246 | Vaults:3 | Received a gift from Okawaru
 44619 | Vaults:3 | Noticed Sojobo
 44665 | Vaults:3 | Killed Sojobo
 45131 | Vaults:3 | Upgraded the game from 0.21-a0-450-gd87a9b2 to 0.21-a0-476-gd103f4b
 45344 | Vaults:4 | Received a gift from Okawaru
 45352 | Vaults:4 | Got a polished scarf {god gift}
 45363 | Vaults:4 | Identified the scarf of the Moon Troll {Int+7 Dex+3 SInv} (Okawaru gifted it to you on level 4 of the Vaults)
 46543 | Vaults:4 | Reached XP level 22. HP: 79/215 MP: 11/29
 47138 | Elf:3    | Entered Level 3 of the Elven Halls
 47214 | Elf:3    | Noticed 4thArraOfDagon's ghost (adept DDCj)
 47229 | Elf:3    | Killed 4thArraOfDagon's ghost
 47478 | Elf:3    | Found Larhitry's Weapon Shoppe.
 47951 | Elf:3    | Got a faintly glowing lapis lazuli ring
 48018 | Elf:3    | Cast into level 2 of the Abyss (a deep elf demonologist)
 48058 | Elf:3    | Escaped the Abyss
 48072 | Elf:3    | Identified the ring of Qyant {Int+5 Slay+3 SInv} (You took it off a deep elf high priest on level 3 of the Elven Halls)
 48133 | Elf:3    | Received a gift from Okawaru
 48384 | Elf:3    | Got a faintly humming scale mail
 48400 | Elf:3    | Got a translucent hat {god gift}
 48411 | Elf:3    | Identified the +2 hat "Poeqofu" {rN+ rCorr} (Okawaru gifted it to you on level 3 of the Elven Halls)
 48420 | Elf:3    | Got a crude steel ring
 48426 | Elf:3    | Identified the ring of Sisoag {rPois SInv} (You took it off a deep elf annihilator on level 3 of the Elven Halls)
 48455 | Elf:3    | Found the +6 shillelagh "Devastator" {shatter}
 48465 | Elf:3    | Got an encrusted longbow
 48843 | Elf:3    | Identified a +0 pair of boots of running (You found it on level 3 of the Elven Halls)
 49530 | Lair:2   | Upgraded the game from 0.21-a0-476-gd103f4b to 0.21-a0-496-g696f58f
 49548 | Lair:2   | Got a faintly humming crystal plate armour
 49559 | Lair:2   | Identified the +18 crystal plate armour "Beom" {MR- Regen+ rCorr Str+2} (You acquired it on level 2 of the Lair of Beasts)
 50348 | Crypt:1  | Entered Level 1 of the Crypt
 50467 | Crypt:1  | Noticed Boris
 50481 | Crypt:1  | Killed Boris
 51279 | Crypt:2  | Got a brightly glowing ring mail
 51609 | Crypt:2  | Received a gift from Okawaru
 52308 | Crypt:2  | Noticed Boris
 52325 | Crypt:2  | Killed Boris
 52384 | Crypt:3  | Entered Level 3 of the Crypt
 52536 | Crypt:3  | Found a staircase to the Tomb.
 52698 | Crypt:3  | Reached XP level 23. HP: 209/222 MP: 27/30
 52705 | Crypt:3  | Received a gift from Okawaru
 52791 | Crypt:3  | Got a shimmering plate armour
 52821 | Crypt:3  | Identified the +1 plate armour of the Learner {rElec rF- Dex+8} (You found it on level 3 of the Crypt)
 53465 | Crypt:3  | Received a gift from Okawaru
 53674 | Crypt:3  | Found a basalt altar of Yredelemnul.
 53682 | Crypt:3  | Noticed a curse toe
 53687 | Crypt:3  | Found an ancient bone altar of Kikubaaqudgha.
 53691 | Crypt:3  | Killed a curse toe
 53863 | Crypt:3  | Got an encrusted plate armour
 53864 | Crypt:3  | Identified the cursed +0 plate armour of the Meadowlark {rC+ MP+9} (You found it on level 3 of the Crypt)
 53895 | Crypt:3  | Got a shimmering quarterstaff
 53898 | Crypt:3  | Got an ancient chain mail
 54146 | Depths:1 | Entered Level 1 of the Depths
 54172 | Depths:1 | Found Qilloafoi's Armour Shop.
 54175 | Depths:1 | Bought a scarf of resistance for 608 gold pieces
 54684 | Depths:1 | Found a gateway to Hell.
 55264 | Depths:2 | Noticed a caustic shrike
 55444 | Depths:1 | Killed a caustic shrike
 55729 | Depths:2 | Received a gift from Okawaru
 55803 | Depths:2 | Identified Oxicovid's Intricacies of the Arcane Arts
 55896 | Depths:2 | Reached XP level 24. HP: 230/231 MP: 30/30
 55949 | Depths:2 | Noticed an ancient lich
 55954 | Depths:2 | Received a gift from Okawaru
 55967 | Depths:2 | Killed an ancient lich
 56061 | Depths:2 | Reached skill level 5 in Dodging
 56316 | Depths:2 | Got a twisted plate armour
 56332 | Depths:2 | Identified the +10 plate armour "Wifotwepn" {*Slow rPois Str-3 Int+3} (You took it off a rakshasa on level 2 of the Depths)
 56402 | Depths:2 | Received a gift from Okawaru
 56889 | Depths:3 | Found a one-way gate to the infinite horrors of the Abyss.
 56989 | Depths:3 | Reached skill level 10 in Dodging
 57505 | Depths:3 | Paralysed by a floating eye for 4 turns
 57640 | Depths:3 | Noticed a juggernaut
 57650 | Depths:3 | Killed a juggernaut
 57847 | Depths:3 | Found a one-way gate leading to the halls of Pandemonium.
 57915 | Depths:3 | Got an opalescent robe
 58186 | Depths:4 | Received a gift from Okawaru
 58254 | Depths:4 | Noticed Jory
 58266 | Depths:4 | Noticed Saint Roka
 58266 | Depths:4 | Killed Jory
 58287 | Depths:4 | Killed Saint Roka
 58311 | Depths:4 | Cast into level 5 of the Abyss (a Zot trap)
 58311 | Abyss:5  | Entered Level 5 of the Abyss
 58311 | Abyss:5  | Found a corrupted altar of Lugonu.
 58331 | Depths:4 | Escaped the Abyss
 58416 | Depths:4 | Reached XP level 25. HP: 232/240 MP: 29/30
 58461 | Depths:4 | Reached skill level 15 in Dodging
 58707 | Depths:4 | Paralysed by a floating eye for 2 turns
 58866 | Depths:4 | Upgraded the game from 0.21-a0-496-g696f58f to 0.21-a0-498-g1b60429
 59040 | Depths:4 | Found a gateway to a ziggurat.
 59393 | Zig:1    | Entered Level 1 of a ziggurat
 59412 | Zig:2    | Entered Level 2 of a ziggurat
 59435 | Zig:3    | Entered Level 3 of a ziggurat
 59455 | Zig:3    | Got a pair of faintly humming gloves
 59474 | Zig:4    | Entered Level 4 of a ziggurat
 59484 | Zig:4    | Received a gift from Okawaru
 59512 | Zig:4    | Identified the Almanac of Lethal Protection
 59525 | Zig:4    | Identified the +1 pair of gloves "Cychyho" {rF+ Str+2} (You found it on level 3 of a ziggurat)
 59536 | Zig:5    | Entered Level 5 of a ziggurat
 59573 | Zig:5    | Reached XP level 26. HP: 247/247 MP: 30/30
 59597 | Zig:6    | Entered Level 6 of a ziggurat
 59601 | Zig:6    | Noticed a greater mummy
 59640 | Zig:6    | Killed a greater mummy
 59837 | Zig:6    | Got a vibrating granite ring
 59840 | Zig:6    | Identified the Collected Works on Creative Clay
 59861 | Zig:6    | Identified the ring of Devotion {rPois rC- MR+ Str+4 Stlth+} (You found it on level 6 of a ziggurat)
 59864 | Zig:7    | Entered Level 7 of a ziggurat
 60109 | Zig:7    | Got a scorched turquoise ring
 60121 | Zig:7    | Identified the ring of Qymeisha {rPois rF+ Str+2 Dex+4} (You found it on level 7 of a ziggurat)
 60140 | Zig:8    | Entered Level 8 of a ziggurat
 60363 | Zig:8    | Identified Tuojiufe's Catalogue of Mutagenic Flames
 60372 | Zig:8    | Got a heavily runed amber ring
 60404 | Zig:9    | Entered Level 9 of a ziggurat
 60569 | Zig:9    | Reached XP level 27. HP: 258/258 MP: 30/30
 60584 | Zig:9    | Got a smoking bone ring
 60589 | Zig:9    | Identified Huakou's Catalogue of the Oath and Protection
 60603 | Zig:9    | Identified the ring of Xawaan {rF+ MR+ Stlth+} (You found it on level 8 of a ziggurat)
 60605 | Zig:9    | Identified the ring "Tasan" {+Inv rF- rC++ MP+9 SInv} (You found it on level 9 of a ziggurat)
 60619 | Zig:10   | Entered Level 10 of a ziggurat
 60716 | Zig:10   | Got a steaming ivory ring
 60717 | Zig:10   | Identified the Reference Book on Snow
 60724 | Zig:10   | Got a fine marble ring
 60748 | Zig:11   | Entered Level 11 of a ziggurat
 60753 | Zig:11   | Noticed an ancient lich
 60808 | Zig:11   | Killed an ancient lich
 61077 | Zig:11   | Identified the Grimoire of Captivating Air
 61080 | Zig:11   | Identified the ring of Plog {rPois rC- Int+5 Stlth-} (You found it on level 10 of a ziggurat)
 61082 | Zig:11   | Identified the ring of the Scavenger {*Tele rPois} (You found it on level 10 of a ziggurat)
 61085 | Zig:11   | Identified the Incunabulum of Frigorific Attacks
 61146 | Depths:4 | Upgraded the game from 0.21-a0-498-g1b60429 to 0.21-a0-504-g2eda330
 61160 | Depths:5 | Entered Level 5 of the Depths
 61183 | Depths:5 | Got a jewelled scimitar
 61380 | Depths:5 | Received a gift from Okawaru
 61387 | Depths:5 | Got a transparent halberd {god gift}
 61892 | Depths:5 | Found a gate to the Realm of Zot.
 61946 | Depths:5 | Received a gift from Okawaru
 62095 | Depths:5 | Found Aplirghai's Antique Armour Shop.
 62099 | Depths:5 | Bought a faintly humming cloak for 361 gold pieces
 62109 | Depths:5 | Identified the +4 cloak "Sodghete" {Int+8} (You bought it in a shop on level 5 of the Depths)
 62119 | Depths:5 | Bought the +2 hat of the Bear Spirit {Spirit, +Rage rN+ MR++} for 1485 gold pieces
 62119 | Depths:5 | Found the +2 hat of the Bear Spirit {Spirit, +Rage rN+ MR++}
 62831 | Slime:1  | Entered Level 1 of the Pits of Slime
 63133 | Slime:5  | Entered Level 5 of the Pits of Slime
 63238 | Slime:5  | Gained mutation: You are weak. (Str -2) [a shining eye]
 63363 | Slime:5  | Noticed the Royal Jelly
 63376 | Slime:5  | Found a viscous altar of Jiyva.
 63378 | Slime:5  | Found the cursed +14 obsidian axe {chop, +Fly SInv *Curse}
 63409 | Slime:5  | Killed the Royal Jelly
 63622 | Slime:5  | Got a topaz-encrusted plate armour
 63625 | Slime:5  | Identified the cursed +1 plate armour of Birdsong {rPois rF++ Str+3 Dex-2} (You found it on level 5 of the Pits of Slime)
 63654 | Slime:5  | Got a jewelled dagger
 63790 | Slime:5  | Got a slimy rune of Zot
 64092 | D:14     | You showed the slimy rune of Zot to enter a treasure trove
 64093 | Trove    | Entered a treasure trove
 64103 | Trove    | Identified Sif Muna's Incunabulum of Stones
 64127 | Trove    | Identified Xafus's Volume of Snow and Black Arts
 64198 | D:14     | Got a serpentine sapphire amulet
 64199 | D:14     | Identified the amulet "Ifuc" {Faith +Fly Str+2 Stlth+} (You acquired it on level 14 of the Dungeon)
 64341 | Vaults:5 | Entered Level 5 of the Vaults
 64392 | Vaults:5 | Received a gift from Okawaru
 64457 | Vaults:5 | Got a bloodstained buckler {god gift}
 64616 | Vaults:5 | Noticed an ancient lich
 64617 | Vaults:5 | Found the +4 dagger "Morg" {pain, MR+ Int+5}
 64619 | Vaults:5 | Paralysed by an ancient lich for 7 turns
 64630 | Vaults:5 | Killed an ancient lich
 64765 | Vaults:5 | Reached skill level 15 in Invocations
 64992 | Vaults:5 | Received a gift from Okawaru
 65198 | Vaults:5 | Identified the +1 buckler of Freedom {rElec MR+} (Okawaru gifted it to you on level 5 of the Vaults)
 65590 | Vaults:5 | Noticed an ancient lich
 65600 | Vaults:5 | Killed an ancient lich
 65661 | Vaults:5 | Identified Sif Muna's Catalogue of Creative Necromancy
 65897 | Vaults:5 | Identified the Volume of Malediction
 65898 | Vaults:5 | Identified Sif Muna's Collected Works on Sinister Boosts
 66251 | Zot:1    | Entered Level 1 of the Realm of Zot
 66301 | Zot:1    | Received a gift from Okawaru
 67559 | Zot:2    | Received a gift from Okawaru
 67807 | Zot:2    | Received a gift from Okawaru
 67808 | Zot:2    | Got an ancient ring mail {god gift}
 69287 | Zot:4    | Received a gift from Okawaru
 69655 | Zot:4    | Got a slimy spear
 70466 | Orc:1    | Bought a bread ration for 65 gold pieces
 70466 | Orc:1    | Bought a bread ration for 65 gold pieces
 70466 | Orc:1    | Bought a bread ration for 65 gold pieces
 70466 | Orc:1    | Bought a bread ration for 65 gold pieces
 70466 | Orc:1    | Bought a meat ration for 65 gold pieces
 70518 | Elf:1    | Bought a meat ration for 65 gold pieces
 70518 | Elf:1    | Bought a meat ration for 65 gold pieces
 70518 | Elf:1    | Bought a bread ration for 65 gold pieces
 70518 | Elf:1    | Bought a meat ration for 65 gold pieces
 70518 | Elf:1    | Bought a meat ration for 65 gold pieces
 70849 | Zot:5    | Entered Level 5 of the Realm of Zot
 71133 | Zot:5    | Received a gift from Okawaru
 71136 | Zot:5    | Got a dazzling quick blade {god gift}
 71137 | Zot:5    | Identified the +5 quick blade "Minotaur's Bane" {pierce, Dex+4} (Okawaru gifted it to you on level 5 of the Realm of Zot)
 71252 | Zot:5    | Got a pitted scale mail
 71393 | Zot:5    | Noticed an orb of fire
 71396 | Zot:5    | Gained mutation: Your system is resistant to poisons. (rPois) [an orb of fire]
 71404 | Zot:5    | Killed an orb of fire
 71446 | Zot:5    | Received a gift from Okawaru
 71466 | Zot:5    | Got the Orb of Zot
 71470 | Zot:5    | Noticed an orb of fire
 71474 | Zot:5    | Noticed an ancient lich
 71477 | Zot:5    | Noticed an ancient lich
 71478 | Zot:5    | Gained mutation: You tend to lose your temper in combat. [an orb of fire]
 71488 | Zot:5    | Gained mutation: You often lose your temper in combat. [an orb of fire]
 71489 | Zot:5    | Killed an orb of fire
 71491 | Zot:5    | Noticed Wygyaluc the pandemonium lord
 71494 | Zot:5    | Killed an ancient lich
 71501 | Zot:5    | Killed an ancient lich
 71513 | Zot:5    | Killed Wygyaluc the pandemonium lord
 71517 | Zot:5    | Received a gift from Okawaru
 71525 | Zot:5    | Got a shimmering scarf {god gift}
 71546 | Zot:5    | Noticed an orb of fire
 71553 | Zot:5    | Lost mutation: You are weak. (Str -2) [potion of mutation]
 71553 | Zot:5    | Lost mutation: Your system is resistant to poisons. (rPois) [potion of mutation]
 71553 | Zot:5    | Gained mutation: You occasionally shout uncontrollably at your foes. [potion of mutation]
 71553 | Zot:5    | Gained mutation: You are robust. (+10% HP) [potion of mutation]
 71554 | Zot:5    | Lost mutation: You often lose your temper in combat. [potion of mutation]
 71554 | Zot:5    | Lost mutation: You tend to lose your temper in combat. [potion of mutation]
 71554 | Zot:5    | Gained mutation: Your magical capacity is low. (-10% MP) [potion of mutation]
 71554 | Zot:5    | Gained mutation: You are agile. (Dex +2) [potion of mutation]
 71555 | Zot:5    | Noticed Sacoeg the pandemonium lord
 71560 | Zot:5    | Noticed Cyan the pandemonium lord
 71560 | Zot:5    | Gained mutation: Your body sometimes deteriorates upon taking damage. [an orb of fire]
 71560 | Zot:5    | Lost mutation: You are robust. (+10% HP) [an orb of fire]
 71561 | Zot:5    | Killed an orb of fire
 71567 | Zot:5    | Noticed Siung the pandemonium lord
 71575 | Zot:5    | Killed Sacoeg the pandemonium lord
 71596 | Zot:5    | Noticed Vichai the pandemonium lord
 71814 | Depths:1 | Noticed Tabih the pandemonium lord
 71829 | Depths:1 | Killed Tabih the pandemonium lord
 72040 | D:6      | Noticed Fuzeps the pandemonium lord
 72060 | D:6      | Killed Fuzeps the pandemonium lord
 72116 | D:6      | Noticed Odghuc the pandemonium lord
 72127 | D:6      | Killed Odghuc the pandemonium lord
 72154 | D:5      | Identified the scarf "Esuimoekh" {MR++} (Okawaru gifted it to you on level 5 of the Realm of Zot)
 72231 | D:3      | Gained mutation: Your body often deteriorates upon taking damage. [a cacodemon]
 72235 | D:3      | Gained mutation: Your system is resistant to poisons. (rPois) [a cacodemon]
 72239 | D:3      | Noticed Sasiem the pandemonium lord
 72270 | D:3      | Killed Sasiem the pandemonium lord
 72338 | D:1      | Lost mutation: Your body often deteriorates upon taking damage. [potion of mutation]
 72338 | D:1      | Lost mutation: You occasionally shout uncontrollably at your foes. [potion of mutation]
 72338 | D:1      | Gained mutation: Your flesh is cold resistant. (rC+) [potion of mutation]
 72338 | D:1      | Gained mutation: Your movements are slightly less encumbered by armour. (ER -2) [potion of mutation]
 72338 | D:1      | Gained mutation: You are very agile. (Dex +4) [potion of mutation]
 72340 | D:$      | Escaped with the Orb!

Vault maps used:
D:1:      evilmike_arrival_rings
D:2:      old_standard_altar, nicolae_overflow_crystal_walls, first_bread,
          kennysheep_small_spiral, cheibrodos_gnoll_hut
D:3:      cheibrodos_ashenzari_chains, uniq_grinder
D:4:      lemuel_coloured_pillars_altar, nicolae_tso_carved_into_rock
D:5:      nicolae_dithmenos_shadow_blocks, marbit_many_paths,
          minmay_temple_entry_statues_fountains, minivault_25,
          kennysheep_doodads
D:6:      kennysheep_okawaru_gauntlet, minitemple, nemelex_dance_club_becter,
          uniq_blork_the_orc
D:7:      cheibrodos_fzero, lemuel_doored_altar
D:9:      basic_altar
D:10:     minmay_the_grid_square_5x5_3x3, grunt_livestock, lemuel_centaur_altar
D:11:     erik_lair_island, orc_0_dummy, due_unseen_surprise, uniq_josephine
D:12:     uniq_frances, uniq_fannar
D:13:     enter_bailey_2, lab_entry_generic
D:14:     gammafunk_jiyva_shrine, grunt_vaults_entry_fortified,
          nicolae_trove_entry_free_sample, minmay_misc_feat_square, uniq_louise
D:15:     gammafunk_depths_entry_grave, grunt_ministairs_15
Temple:   jpeg_temple_island
Lair:1:   serial_bayou_pond_a, bh_autumn_forest_stairs, lemuel_fruit_fields,
          lemuel_fruit_tree, uniq_gastronok
Lair:2:   grunt_megastairs_2
Lair:3:   shoals_dummy_entry, nicolae_spider_entry_orb_guardian,
          serial_bayou_shore_a
Lair:4:   uniq_snorg
Lair:5:   special_room, fungi_pond_lemuel, beast_lair_carwin_3,
          infiniplex_staircase_pool_2, grunt_megastairs_1
Lair:6:   minmay_lair_end_frog_pond, dpeg_slime_entry_enclosed_altar,
          infiniplex_staircase_pool
Shoals:2: cheibrodos_shoals_epimethial_gifts, serial_shops,
          nicolae_shop_crystal, nicolae_shoals_so_close
Shoals:3: st_sunken_huts
Shoals:4: shoals_end_simple, shoals_ilsuiw_ice
Spider:1: hangedman_spider_tarantella_strand, uniq_donald, uniq_aizul
Spider:3: spiders_nest_the_unseen, uniq_arachne
Spider:4: floodkiller_spider_rune_tomb
Slime:1:  cheibrodos_slime_lost_civilization_4
Slime:2:  cheibrodos_slime_lost_civilization_3
Orc:1:    basic_altar, serial_shops, nicolae_shop_trees
Orc:2:    grunt_orc_tribal_feast, serial_shops,
          nicolae_shop_competitors_out_of_business, basic_altar, uniq_nessos
Elf:1:    eino_elf_arrival_sip, minmay_elf_annihilation, minmay_shoptagon,
          uniq_roxanne
Elf:2:    portal_ice_cave_entry_pillars_1, serial_shops, shop, minivault_14
Elf:3:    minmay_elf_hall_not_hex, serial_shops, shop, lemuel_flame_loot_1
Vaults:1: v_misc_15, vaults_room_grunt_arrival_checkpoint,
          vaults_room_semicircle, grunt_vaults_trifunnel, hangedman_vaults_maws
Vaults:2: ontoclasm_vaults_ring_small, hangedman_vaults_hat,
          nicolae_vaults_big_angled_halls, v_misc_2,
          minmay_crypt_entry_vampire_xt, vaults_room_corners,
          vaults_room_door_hall, vaults_room_stairs_pillars,
          nicolae_vaults_network_quinsquares, vaults_room_stairs_pillars,
          nicolae_vaults_border_crossing, ontoclasm_vaults_decontamination
Vaults:3: hangedman_vaults_nodes, vaults_mumra_minichess_inversion,
          hangedman_vaults_impose, nicolae_vaults_little_ls,
          nicolae_vaults_branching_niches, nicolae_vaults_twisting_passages,
          hangedman_vaults_slither, v_pattern_3, hangedman_vaults_stream,
          grunt_vaults_hallway_long, uniq_mara, uniq_mennas, uniq_sojobo,
          uniq_frederick, uniq_asterion
Vaults:4: nicolae_vaults_stairing_the_circle, hangedman_vaults_impose, st_check,
          v_misc_33, vaults_mumra_chevron_long, v_misc_18,
          nicolae_vaults_ring_of_whatevers, dpeg_vaults_monster_box, v_misc_10,
          vaults_mumra_minichess
Crypt:1:  lemuel_freeze_loot_1, grunt_crypt_arrival_split, uniq_boris
Crypt:2:  uniq_boris
Crypt:3:  lightli_unholy_cathedral, tomb_entry_shell_bobbens
Depths:1: serial_shops, kennysheep_mini, pf_hell_entry_tar_river,
          kennysheep_cross_bottleneck, hangedman_stitches_earthworm
Depths:2: hangedman_pleasuredromes, hell_entry
Depths:3: minmay_octo_star, grunt_pan_entry_spiral, abyss_entry,
          hangedman_coc_ice_floe, kennysheep_random_hallway
Depths:4: onia_ninara_swampy_vault, enter_ziggurat_a, minmay_room_of_horrors,
          nicolae_lava_and_water, hell_entry, moated_statue, onia_ninara_cookie,
          uniq_jory, uniq_saint_roka
Depths:5: evilmike_zot_entry_basic, roderic_lattice_a, pf_dread_powers_of_hell,
          minmay_shop_star, serial_bayou_shore_b
Zot:1:    st_stairs_3, hangedman_zot_decor_slant
Zot:2:    kennysheep_six_static_rooms
Zot:3:    kennysheep_ambush_hall
Abyss:2:  minivault_11
Abyss:3:  evilmike_abyss_rune_elephants_shrine
Abyss:5:  evilmike_abyss_exit_vortex, evilmike_abyss_exit_4
Zig:6:    ziggurat_pillar_centre_dead_trees
Zig:8:    ziggurat_pillar_centre_oklobs
Lab:      nicolae_lab_hexagon, lab_fountain, nicolae_lab_blocks,
          nicolae_lab_starburst, nicolae_lab_diamond
Trove:    trove_library
Bailey:   bailey_polearm_1, bailey
IceCv:    ice_cave_caverns_01

Skill      XL: |  1  2  3  4  5  6  7  8  9 10 11 12 13 14 15 16 17 18 19 20 21 22 23 24 25 26 27 |
---------------+----------------------------------------------------------------------------------+-----
Fighting       | 3 4 6 9 11 13 14 16 17 18 20 22 23 | 23.0
Dodging        | 3 14 18 19 22 | 22.0
Armour         | 1 2 6 7 11 13 14 16 17 18 20 22 23 | 23.0
Polearms       | 4 6 9 10 12 14 17 20 22 25 26 | 26.0
Invocations    | 5 9 10 11 26 | 26.2
Stealth        | 7 12 13 15 22 | 22.0
Evocations     | 6 10 | 10.0
Short Blades   | |  2.1
Throwing       | |  2.0

Action                   |  1- 3 |  4- 6 |  7- 9 | 10-12 | 13-15 | 16-18 | 19-21 | 22-24 | 25-27 || total
-------------------------+-------+-------+-------+-------+-------+-------+-------+-------+-------++-------
Melee: Dagger            |    77 |    25 |       |       |       |       |       |       |       ||   102
       Headbutt          |    13 |     8 |    32 |   115 |   155 |   433 |   471 |   445 |   634 ||  2306
       Halberd           |       |    62 |    49 |    93 |       |       |       |       |       ||   204
       Trident           |       |       |   199 |   632 |   121 |       |       |       |       ||   952
       Punch             |       |       |       |     2 |       |       |       |       |       ||     2
       Glaive            |       |       |       |       |   777 |  1758 |  2246 |   193 |       ||  4974
       Demon trident     |       |       |       |       |       |   136 |       |       |       ||   136
       Bardiche          |       |       |       |       |       |       |       |  1446 |  2455 ||  3901
 Fire: Blowgun           |    19 |    33 |     7 |       |       |       |       |       |       ||    59
Invok: Heroism           |       |       |       |     5 |     7 |    12 |    13 |     7 |    20 ||    64
       Finesse           |       |       |       |       |       |     2 |    10 |    10 |    20 ||    42
 Abil: Evoke Flight      |       |       |       |       |       |     1 |       |       |       ||     1
       Evoke Invisibilit |       |       |       |       |       |     7 |    11 |       |       ||    18
Evoke: Wand              |       |       |     1 |     4 |     2 |     3 |     4 |     3 |     5 ||    22
       Lamp of fire      |       |       |       |       |       |       |     3 |     1 |       ||     4
  Use: Scroll            |     4 |       |    13 |     9 |     5 |     8 |     8 |    19 |    23 ||    89
       Potion            |       |     1 |       |       |     2 |       |     2 |       |    27 ||    32
 Stab: Sleeping          |     6 |     1 |     1 |       |       |    12 |     6 |     7 |    21 ||    54
       Distracted        |       |       |       |       |       |     3 |     4 |     3 |    10 ||    20
       Invisible         |       |       |       |       |       |    22 |    38 |       |       ||    60
  Eat: Chunk             |     2 |     5 |    13 |    25 |    22 |    34 |    38 |    19 |    23 ||   181
       Royal jelly       |       |       |       |     1 |     1 |     2 |       |       |     4 ||     8
       Meat ration       |       |       |       |       |     1 |     4 |     1 |       |     3 ||     9
       Bread ration      |       |       |       |       |       |     1 |     1 |     4 |     2 ||     8
       Fruit             |       |       |       |       |       |       |       |     2 |       ||     2
Armor: Robe              |    11 |     8 |       |       |       |       |       |       |       ||    19
       Skin              |       |    11 |       |       |       |       |       |       |       ||    11
       Scale mail        |       |    17 |    32 |       |       |       |       |       |       ||    49
       Chain mail        |       |       |    52 |    66 |       |       |       |       |       ||   118
       Plate armour      |       |       |       |   246 |   588 |   952 |       |       |       ||  1786
       Crystal plate arm |       |       |       |       |       |   442 |  1844 |  1278 |  1490 ||  5054
Dodge: Dodged            |    50 |    42 |    77 |   146 |   326 |   648 |   762 |   547 |  1487 ||  4085

Table legend:
 A = Spawn XP
 B = Non-spawn XP
 C = Spawn XP percentage of total XP
 D = Spawn monster count
 E = Non-spawn monster count
 F = Spawn count percentage of total count
 G = Total turns spent on level
                    A         B        C        D         E        F      G
               +---------+---------+-------+---------+---------+-------+---------
         Total |    3354 | 2043509 |   0.2 |       6 |    2821 |   0.2 | 72340
               +---------+---------+-------+---------+---------+-------+---------
           D:1 |       0 |      31 |   0.0 |       0 |      21 |   0.0 |   874
           D:2 |       0 |      54 |   0.0 |       0 |      18 |   0.0 |  1179
           D:3 |       0 |     425 |   0.0 |       0 |      25 |   0.0 |   813
           D:4 |       0 |     502 |   0.0 |       0 |      16 |   0.0 |  1222
           D:5 |       0 |     831 |   0.0 |       0 |      27 |   0.0 |  1354
           D:6 |       0 |    1221 |   0.0 |       0 |      26 |   0.0 |  1112
           D:7 |       0 |    2135 |   0.0 |       0 |      25 |   0.0 |   888
           D:8 |       0 |    1209 |   0.0 |       0 |      30 |   0.0 |  1205
           D:9 |       0 |    1831 |   0.0 |       0 |      40 |   0.0 |  1029
          D:10 |       0 |    8007 |   0.0 |       0 |      44 |   0.0 |  1841
          D:11 |       0 |   11325 |   0.0 |       0 |      52 |   0.0 |  1479
          D:12 |       0 |    6290 |   0.0 |       0 |      22 |   0.0 |   842
          D:13 |       0 |   11465 |   0.0 |       0 |      43 |   0.0 |  1242
          D:14 |       0 |   27378 |   0.0 |       0 |      49 |   0.0 |  2522
          D:15 |       0 |   20189 |   0.0 |       0 |      54 |   0.0 |  1153
        Lair:1 |       0 |    5121 |   0.0 |       0 |      16 |   0.0 |  1134
        Lair:2 |       0 |    3444 |   0.0 |       0 |      13 |   0.0 |  1068
        Lair:3 |       0 |    2207 |   0.0 |       0 |      10 |   0.0 |  1076
        Lair:4 |       0 |    7452 |   0.0 |       0 |      19 |   0.0 |  1543
        Lair:5 |       0 |    4971 |   0.0 |       0 |      35 |   0.0 |  1496
        Lair:6 |       0 |   29965 |   0.0 |       0 |      94 |   0.0 |  1792
      Shoals:1 |       0 |    9880 |   0.0 |       0 |      25 |   0.0 |   771
      Shoals:2 |       0 |   21809 |   0.0 |       0 |      42 |   0.0 |   949
      Shoals:3 |       0 |   17441 |   0.0 |       0 |      37 |   0.0 |   589
      Shoals:4 |       0 |   37544 |   0.0 |       0 |      63 |   0.0 |  1213
      Spider:1 |       0 |   22443 |   0.0 |       0 |      52 |   0.0 |  1067
      Spider:2 |       0 |    6873 |   0.0 |       0 |      21 |   0.0 |   475
      Spider:3 |       0 |   20372 |   0.0 |       0 |      41 |   0.0 |  1241
      Spider:4 |       0 |   42307 |   0.0 |       0 |      91 |   0.0 |  1459
       Slime:1 |       0 |    8162 |   0.0 |       0 |      10 |   0.0 |    37
       Slime:2 |       0 |    7226 |   0.0 |       0 |      12 |   0.0 |    66
       Slime:3 |       0 |   12975 |   0.0 |       0 |      19 |   0.0 |   182
       Slime:4 |       0 |    3694 |   0.0 |       0 |      10 |   0.0 |    40
       Slime:5 |       0 |   53098 |   0.0 |       0 |      43 |   0.0 |   679
         Orc:1 |       0 |    4319 |   0.0 |       0 |      36 |   0.0 |  1469
         Orc:2 |       0 |   15636 |   0.0 |       0 |      57 |   0.0 |  1853
         Elf:1 |       0 |   20555 |   0.0 |       0 |      37 |   0.0 |  1390
         Elf:2 |       0 |   50251 |   0.0 |       0 |      81 |   0.0 |  1809
         Elf:3 |       0 |   55083 |   0.0 |       0 |      43 |   0.0 |  1745
      Vaults:1 |       0 |   23997 |   0.0 |       0 |      62 |   0.0 |  1453
      Vaults:2 |       0 |   40152 |   0.0 |       0 |      59 |   0.0 |  1949
      Vaults:3 |       0 |   88433 |   0.0 |       0 |      98 |   0.0 |  1669
      Vaults:4 |       0 |   54727 |   0.0 |       0 |      63 |   0.0 |  1825
      Vaults:5 |       0 |  204726 |   0.0 |       0 |     165 |   0.0 |  1695
       Crypt:1 |       0 |   30607 |   0.0 |       0 |      36 |   0.0 |   887
       Crypt:2 |       0 |   34217 |   0.0 |       0 |      49 |   0.0 |  1248
       Crypt:3 |       0 |   83528 |   0.0 |       0 |      91 |   0.0 |  1544
      Depths:1 |       0 |   40185 |   0.0 |       0 |      61 |   0.0 |  1434
      Depths:2 |       0 |   84395 |   0.0 |       0 |      75 |   0.0 |  1262
      Depths:3 |       0 |   77477 |   0.0 |       0 |      74 |   0.0 |  1560
      Depths:4 |       0 |   91033 |   0.0 |       0 |     108 |   0.0 |  1310
      Depths:5 |       0 |   61591 |   0.0 |       0 |      62 |   0.0 |  1633
         Zot:1 |       0 |   85129 |   0.0 |       0 |      50 |   0.0 |   793
         Zot:2 |       0 |   70890 |   0.0 |       0 |      33 |   0.0 |   750
         Zot:3 |       0 |   99648 |   0.0 |       0 |      63 |   0.0 |  1502
         Zot:4 |       0 |   21208 |   0.0 |       0 |      10 |   0.0 |   924
         Zot:5 |       0 |  151915 |   0.0 |       0 |      53 |   0.0 |   765
       Abyss:3 |    3354 |   16142 |  17.2 |       6 |      20 |  23.1 |   255
         Zig:1 |       0 |     691 |   0.0 |       0 |       3 |   0.0 |    19
         Zig:2 |       0 |    2482 |   0.0 |       0 |       2 |   0.0 |    23
         Zig:3 |       0 |    3857 |   0.0 |       0 |       3 |   0.0 |    39
         Zig:4 |       0 |    4925 |   0.0 |       0 |       4 |   0.0 |    62
         Zig:5 |       0 |    7363 |   0.0 |       0 |       5 |   0.0 |    61
         Zig:6 |       0 |   12683 |   0.0 |       0 |      13 |   0.0 |   267
         Zig:7 |       0 |   12169 |   0.0 |       0 |      13 |   0.0 |   276
         Zig:8 |       0 |   11192 |   0.0 |       0 |      18 |   0.0 |   264
         Zig:9 |       0 |   11116 |   0.0 |       0 |      19 |   0.0 |   215
        Zig:10 |       0 |   17108 |   0.0 |       0 |      17 |   0.0 |   129
        Zig:11 |       0 |   28790 |   0.0 |       0 |      14 |   0.0 |   375
           Lab |       0 |    2121 |   0.0 |       0 |       4 |   0.0 |   395
        Bailey |       0 |    2024 |   0.0 |       0 |      17 |   0.0 |   461
         IceCv |       0 |   11267 |   0.0 |       0 |      58 |   0.0 |   998
               +---------+---------+-------+---------+---------+-------+---------
